 Dungeon Crawl Stone Soup version 0.30.1-11-g7821555f0a (webtiles) character file.

Game seed: 7246580968004316735

1680 Martska the Trooper (level 8, -2/74 HPs)
             Began as a Minotaur Fighter on Dec 3, 2023.
             Was an Initiate of Makhleb.
             Slain by paps's ghost (8 damage)
             ... on level 5 of the Dungeon.
             The game lasted 00:06:29 (5043 turns).

Martska the Trooper (Minotaur Fighter)              Turns: 5043, Time: 00:06:29

Health: -2/74      AC: 12    Str: 23    XL:     8   Next: 70%
Magic:  8/8        EV:  8    Int:  5    God:    Makhleb [......]
Gold:   116        SH:  4    Dex: 10    Spells: 7/7 levels left

rFire   + . .        A - +0 hand axe (heavy)
rCold   . . .        c - +0 buckler
rNeg    . . .        t - +0 plate armour
rPois   .            (helmet restricted)
rElec   .            (no cloak)
rCorr   .            (no gloves)
SInv    .            (no boots)
Will    +....        (no amulet) Stlth
                     k - ring of protection from fire
HPRegen 0.32/turn    v - ring of willpower
MPRegen 0.11/turn

%: no passive effects
@: studying Necromancy
A: horns 2, retaliatory headbutt
a: Renounce Religion


You were on level 5 of the Dungeon.
You worshipped Makhleb.
Makhleb was noncommittal.
You visited 2 branches of the dungeon, and saw 6 of its levels.

You collected 231 gold pieces.
You spent 115 gold pieces at shops.

Inventory:

Hand Weapons
 a - a +0 war axe
 A - a +0 heavy hand axe (weapon)
Armour
 c - a +0 buckler (worn)
 t - a +0 plate armour (worn)
Jewellery
 k - a ring of protection from fire (left hand)
 v - a ring of willpower (right hand)
Wands
 d - a wand of roots (5)
 x - a wand of light (12)
 y - a wand of digging (5)
Scrolls
 b - a scroll of enchant weapon {unknown}
 e - 3 scrolls of immolation
 g - 2 scrolls of blinking
 h - 2 scrolls of vulnerability
 j - 3 scrolls of teleportation {unknown}
 l - a scroll of fog {unknown}
 n - a scroll of fear {unknown}
 r - a scroll of enchant armour {unknown}
 u - a scroll of poison {unknown}
 w - a scroll of magic mapping {unknown}
Potions
 i - 2 potions of curing
 m - 2 potions of brilliance
 o - a potion of mutation {unknown}
 p - 2 potions of cancellation
 q - a potion of lignification {unknown}
 s - 2 potions of flight {unknown}
 z - 2 potions of degeneration {unknown}
 B - 3 potions of heal wounds {unknown}
 C - a potion of berserk rage {unknown}


   Skills:
 * Level 7.9 Fighting
 * Level 7.2 Axes
 + Level 6.0 Armour
 * Level 6.1 Dodging
 - Level 3.6 Shields
 * Level 2.4 Invocations


You had 7 spell levels left.
You didn't know any spells.
Your spell library contained the following spells:

 Spells                   Type           Power      Damage    Failure   Level
 Lesser Beckoning         Tloc           0%         N/A       100%        2
 Call Canine Familiar     Summ           0%         N/A       100%        3
 Gell's Gravitas          Tloc           0%         N/A       100%        3
 Portal Projectile        Hex/Tloc       0%         N/A       100%        3
 Teleport Other           Tloc           0%         N/A       100%        3
 Leda's Liquefaction      Hex/Erth       0%         N/A       100%        4


Dungeon Overview and Level Annotations

Branches:
Dungeon (5/15)             Temple (1/1) D:5

Altars:
Ashenzari
Cheibriados
Dithmenos
Fedhas
Kikubaaqudgha
Makhleb
Nemelex Xobeh
Qazlal
Ru
Trog
Uskayaw
Vehumet
Wu Jian
Zin

Shops:
D:1 ?

Annotations:
D:5 1 transporter, paps's ghost, novice DsFi


Innate Abilities, Weirdness & Mutations

You have a pair of horns on your head.
You reflexively headbutt those who attack you in melee.


Message History

* * * LOW HITPOINT WARNING * * *
You hit paps's ghost but do no damage.
Paps's ghost is almost destroyed.
Paps's ghost hits you but does no damage.
You barely miss paps's ghost. Your headbutt misses paps's ghost.
Paps's ghost is almost destroyed.
Paps's ghost hits you.
* * * LOW HITPOINT WARNING * * *
You block paps's ghost's attack.
Press: ? - help, v - describe, . - travel
Here: paps's ghost (almost destroyed)
The floor.
You hit paps's ghost but do no damage. Your headbutt misses paps's ghost.
Paps's ghost is almost destroyed.
Paps's ghost hits you.
* * * LOW HITPOINT WARNING * * *
You are confused.
You feel invigorated.
Paps's ghost hits you but does no damage.
Paps's ghost hits you.
* * * LOW HITPOINT WARNING * * *
You bump into the stone wall.
Paps's ghost hits you but does no damage.
You miss paps's ghost.
Paps's ghost is almost destroyed.
Paps's ghost hits you!
* * * LOW HITPOINT WARNING * * *
Paps's ghost closely misses you.
You barely miss paps's ghost.
You headbutt paps's ghost, but do no damage.
Paps's ghost is almost destroyed.
You feel less invigorated.
You feel less confused. Paps's ghost hits you!
* * * LOW HITPOINT WARNING * * *
You hit paps's ghost.
Paps's ghost is almost destroyed.
Paps's ghost hits you but does no damage.
Paps's ghost hits you!
You die...

####..................# #
###......#############..# #
#........#©.. .......#..# #
.........#...........#..# ###
.........#..###.###..#..# ###
..(......#..#8#.#8#..#..########⌠
.........#$..........#..##.....#.
........©#!....©W....#©..#.#####⌠
.........#$.....@....#...#.# ###
.........#..#8#.#8#..#.....# ###
.####....#..###.###..#.....# # .#
###.÷#Z........./#.....## # .##
#..#...........#......# #
..#####..#############......# #
......#....................## #
...........................# #
........#######.######...### #


You could see paps's ghost.

Vanquished Creatures
  Grinder (D:4)
  Menkaure (D:4)
  2 black bears (D:5)
  An orc warrior (D:5)
  An ogre (D:4)
  A centaur (D:5)
  A bullfrog (D:5)
  3 scorpions
  A bullfrog zombie (D:5)
  3 jellies
  2 hounds
  A gnoll bouda (D:5)
  An orc priest (D:5)
  5 iguanas
  Terence (D:3)
  A sleepcap (D:5)
  2 orc wizards (D:5)
  A killer bee zombie (D:5)
  Robin (D:4)
  4 gnolls (D:4)
  4 adders
  A shadow imp (D:5)
  An ufetubus (D:5)
  2 worms
  3 dart slugs
  14 orcs
  8 ball pythons
  5 endoplasms
  5 giant cockroaches
  10 goblins
  7 hobgoblins
  2 jackals (D:3)
  2 quokkas
  4 bats
  2 frilled lizards
  8 kobolds
  2 rats
114 creatures vanquished.

Notes
Turn   | Place    | Note
-------+----------+-------------------------------------------
     0 | D:1      | Martska the Minotaur Fighter began the quest for the Orb.
     0 | D:1      | Reached XP level 1. HP: 19/19 MP: 0/0
   190 | D:1      | You fall into a shaft and drop 1 floor!
   265 | D:2      | Reached XP level 2. HP: 22/27 MP: 1/1
   511 | D:2      | Reached skill level 1 in Dodging
   688 | D:2      | Reached XP level 3. HP: 24/33 MP: 2/2
  1409 | D:1      | Found Mudekh's Magic Scroll Shoppe.
  1412 | D:1      | Bought a scroll of identify for 20 gold pieces
  1412 | D:1      | Bought a scroll of identify for 20 gold pieces
  1412 | D:1      | Bought a scroll of blinking for 75 gold pieces
  1690 | D:3      | Noticed Terence
  1695 | D:3      | Killed Terence
  1696 | D:3      | Reached XP level 4. HP: 37/41 MP: 1/3
  1845 | D:3      | Found a sacrificial altar of Ru.
  2140 | D:3      | Found a bloodstained altar of Trog.
  2140 | D:3      | Found a blossoming altar of Fedhas.
  2254 | D:4      | Noticed an ogre
  2264 | D:4      | Killed an ogre
  2265 | D:4      | Reached skill level 5 in Fighting
  2265 | D:4      | Reached XP level 5. HP: 18/48 MP: 4/4
  2484 | D:4      | Identified the +1 ring mail of Gallantry {rN+ Str-3 Stlth+}
  2508 | D:4      | Found a broken altar of Ashenzari.
  2623 | D:4      | Reached XP level 6. HP: 53/56 MP: 5/5
  2725 | D:4      | Noticed Menkaure
  2732 | D:4      | Killed Menkaure
  2733 | D:4      | Reached skill level 5 in Axes
  2942 | D:4      | Reached XP level 7. HP: 54/63 MP: 6/6
  3017 | D:4      | Noticed Grinder
  3022 | D:4      | Noticed Robin
  3033 | D:4      | Killed Grinder
  3034 | D:4      | Reached skill level 5 in Armour
  3038 | D:4      | Killed Robin
  3341 | D:5      | Entered Level 5 of the Dungeon
  3460 | D:5      | Found an ornate altar of the Wu Jian Council.
  3516 | D:5      | Reached skill level 5 in Dodging
  3609 | D:5      | Reached XP level 8. HP: 43/73 MP: 7/7
  3767 | D:5      | Found a staircase to the Ecumenical Temple.
  3795 | Temple   | Entered the Ecumenical Temple
  4142 | Temple   | Became a worshipper of Makhleb the Destroyer
  4228 | D:5      | Reached skill level 1 in Invocations
  4408 | D:5      | Found a stormy altar of Qazlal.
  4736 | D:5      | Found a transporter.
  4786 | D:5      | Found a transporter.
  4789 | D:5      | Noticed paps's ghost (novice DsFi)
  5043 | D:5      | Slain by paps's ghost

Illustrated notes

Levels and vault maps discovered:
D:1:      zelgadis_glass_arrival_small, layout_loops_ring, serial_shops,
          nicolae_shop_rolled_up, serial_bayou_lagoon_b
D:2:      layout_loops_ring
D:3:      layout_loops_ring, gammafunk_temple_overflow_wave,
          nicolae_ru_sacrificial_ziggurat, uniq_terence
D:4:      layout_loops_ring, mainiacjoe_overflow_concentric_impassable,
          kennysheep_diamond, uniq_robin, uniq_grinder, uniq_menkaure
D:5:      layout_cave_pods, mainiacjoe_overflow_alcove_1,
          pdpol_wu_jian_five_deadly_venoms, temple_doors_e,
          gammafunk_ghost_mausoleum, st_stairs_14, dk_vineyard_2,
          minmay_manual_mail
Temple:   hellmonk_temple_forest_ring

Skill      XL: |  1  2  3  4  5  6  7  8 |
---------------+-------------------------+-----
Fighting       | 4 5 6 7 |  7.9
Dodging        | 1 2 3 4 5 6 |  6.1
Axes           | 3 4 5 6 7 |  7.2
Armour         | 4 5 6 |  6.0
Invocations    | 2 |  2.4
Shields        | |  3.6

Action                     |  1- 3 |  4- 6 |  7- 9 || total
---------------------------+-------+-------+-------++-------
  Melee: War axe           |    82 |    79 |    47 ||   208
         Headbutt          |     8 |     8 |    27 ||    43
         Hand axe          |       |       |    77 ||    77
    Use: Scroll            |     5 |     1 |     1 ||     7
         Potion            |       |       |     3 ||     3
 Armour: Scale mail        |    27 |       |       ||    27
         Plate armour      |     7 |    46 |    96 ||   149
  Dodge: Dodged            |    30 |    18 |    55 ||   103
  Block: Buckler           |    16 |    12 |    36 ||    64
